SAA
PHOENIX HOTSPUR YOUTH @ IRVING BLUE SOX
09/02/2023
 
TOP OF THE 1ST
Phoenix Hotspur Youth batting - Pitching for Irving Blue Sox : RHP Bob Baker
Pitching: RHP Bob Baker
Batting: RHB John Boatner 0-0: Ball
1-0: Swinging Strike
1-1: Foul Ball, location: 2F
1-2: Foul Ball, location: 2F
1-2: Ball
2-2: Ground out 1-3 (Groundball, 13S)
Batting: RHB Wilson Castillo 0-0: Called Strike
0-1: Ball
1-1: Called Strike
1-2: Ball
2-2: Strikes out looking
Batting: RHB Alex Niemann 0-0: SINGLE (Line Drive, 7S)
Batting: RHB Keith Burnett 0-0: Ball
1-0: Called Strike
1-1: Called Strike
1-2: Ball
2-2: Foul Ball, location: 2F
Pickoff Throw to First - Error! E1
Alex Niemann to second
2-2: Foul Ball, location: 2F
2-2: Foul Ball, location: 2F
2-2: Ball
3-2: Foul Ball, location: 2F
3-2: Foul Ball, location: 2F
3-2: Base on Balls
Batting: RHB Javier González 0-0: Swinging Strike
0-1: Foul Ball, location: 2F
0-2: Ball
1-2: Foul Ball, location: 2F
1-2: Foul Ball, location: 2F
1-2: Ball
2-2: Foul Ball, location: 2F
2-2: Strikes out swinging
Top of the 1st over - 0 run(s), 1 hit(s), 1 error(s), 2 left on base; Phoenix Hotspur 0 - Irving 0
BOTTOM OF THE 1ST
Irving Blue Sox batting - Pitching for Phoenix Hotspur Youth : RHP Santiago Alonza
Pitching: RHP Santiago Alonza
Batting: RHB Jarred Morgan 0-0: Foul Ball, location: 2F
0-1: Ball
1-1: SINGLE (Line Drive, 56D)
Batting: SHB Ricardo Franco 0-0: Called Strike
0-1: Ball
1-1: Fielders Choice at 2nd, 5-4 (Groundball, 56)
Batting: LHB Esteban Casillas 0-0: Ball
1-0: Ball
Passed Ball!
Ricardo Franco to second
2-0: Called Strike
2-1: DOUBLE (Line Drive, 7LM)
Ricardo Franco scores
Batting: RHB Arturo Mateo 0-0: Ball
1-0: Ball
2-0: Called Strike
2-1: Foul Ball, location: 2F
2-2: Foul Ball, location: 2F
2-2: SINGLE (Groundball, 13) (infield hit)
Esteban Casillas to third
Batting: RHB Carlos Maldonado 0-0: Ball
1-0: Swinging Strike
1-1: Called Strike
1-2: Foul Ball, location: 2F
1-2: Foul Ball, location: 2F
1-2: SINGLE (Popup, 78S)
Esteban Casillas scores
Arturo Mateo to second
Batting: SHB Arnold Cramer 0-0: Ball
1-0: Ball
Arturo Mateo steals 3rd base
Carlos Maldonado to second
2-0: Foul Ball, location: 2F
2-1: Called Strike
2-2: Foul Ball, location: 2F
2-2: Ball
3-2: Foul Ball, location: 2F
3-2: Foul Ball, location: 2F
3-2: Foul Ball, location: 2F
3-2: Base on Balls
Batting: RHB Rafael Delgado 0-0: Ball
1-0: Ball
2-0: Fly out, F4 (Popup, 34D)
Batting: RHB Gilberto Díaz 0-0: Ball
1-0: Called Strike
1-1: Called Strike
1-2: Fly out, F3 (Popup, 34)
Bottom of the 1st over - 2 run(s), 4 hit(s), 0 error(s), 3 left on base; Phoenix Hotspur 0 - Irving 2
TOP OF THE 2ND
Phoenix Hotspur Youth batting - Pitching for Irving Blue Sox : RHP Bob Baker
Batting: RHB Ed Sharp 0-0: Called Strike
0-1: Bunt for hit - play at first, batter safe!
Batting: RHB Shohei Kiyomizu 0-0: Called Strike
0-1: Ball
1-1: Foul Ball, location: 2F
1-2: Fly out, F8 (Flyball, 8LD)
Runner from 1st tags up, SAFE at 2nd
Batting: RHB Dan Perkins 0-0: Ball
1-0: Ball
2-0: SINGLE (Groundball, 6MD)
Ed Sharp to third
Runner from 3rd tries for Home, SAFE, throw made home
Dan Perkins to second
Batting: RHB Larry Bryant 0-0: Foul Ball, location: 2F
0-1: Ball
1-1: Ball
2-1: Swinging Strike
2-2: Ball
3-2: Base on Balls
Batting: RHB John Boatner 0-0: Ball
1-0: Foul Ball, location: 2F
1-1: Ball
2-1: Called Strike
2-2: Fly out, F9 (Flyball, 89M)
Batting: RHB Wilson Castillo 0-0: Ball
1-0: Called Strike
1-1: Swinging Strike
1-2: Strikes out looking
Top of the 2nd over - 1 run(s), 2 hit(s), 0 error(s), 2 left on base; Phoenix Hotspur 1 - Irving 2
BOTTOM OF THE 2ND
Irving Blue Sox batting - Pitching for Phoenix Hotspur Youth : RHP Santiago Alonza
Batting: LHB Carlos Garza 0-0: Ball
1-0: Foul Ball, location: 2F
1-1: Fly out, F8 (Flyball, 8LM)
Batting: RHB Jarred Morgan 0-0: Called Strike
0-1: Ball
1-1: Ground out 4-3 (Groundball, 34)
Batting: SHB Ricardo Franco 0-0: Called Strike
0-1: Fly out, F7 (Flyball, 7M)
Bottom of the 2nd over - 0 run(s), 0 hit(s), 0 error(s), 0 left on base; Phoenix Hotspur 1 - Irving 2
TOP OF THE 3RD
Phoenix Hotspur Youth batting - Pitching for Irving Blue Sox : RHP Bob Baker
Batting: RHB Alex Niemann 0-0: Called Strike
0-1: Ball
1-1: Ball
2-1: Ball
3-1: Fly out, F9 (Flyball, 9S)
Batting: RHB Keith Burnett 0-0: Ball
1-0: SINGLE (Line Drive, 56D)
Pitching: RHP Paco Hernández
Batting: RHB Javier González 0-0: SINGLE (Groundball, 15S) (infield hit)
Keith Burnett to second
Batting: RHB Ed Sharp 0-0: Called Strike
0-1: Ball
1-1: Foul Ball, location: 2F
1-2: Fly out, F7 (Flyball, 78S)
Batting: RHB Shohei Kiyomizu 0-0: Ball
1-0: Ball
2-0: Foul Ball, location: 2F
2-1: Swinging Strike
2-2: Ball
3-2: 3-RUN HOME RUN (Flyball, 7D), Distance : 393 ft
Batting: RHB Dan Perkins 0-0: Ball
1-0: DOUBLE (Line Drive, 89M)
Batting: RHB Larry Bryant 0-0: Fly out, F8 (Flyball, 8LD)
Top of the 3rd over - 3 run(s), 4 hit(s), 0 error(s), 1 left on base; Phoenix Hotspur 4 - Irving 2
BOTTOM OF THE 3RD
Irving Blue Sox batting - Pitching for Phoenix Hotspur Youth : RHP Santiago Alonza
Batting: LHB Esteban Casillas 0-0: Fly out, F9 (Flyball, 9S)
Batting: RHB Arturo Mateo 0-0: Ball
1-0: Ball
2-0: Called Strike
2-1: Called Strike
2-2: SINGLE (Groundball, 4D) (infield hit)
Batting: RHB Carlos Maldonado 0-0: Called Strike
0-1: Ball
1-1: Ball
2-1: Ball
3-1: Base on Balls
Arturo Mateo to second
Batting: SHB Arnold Cramer 0-0: Ball
Arturo Mateo is caught stealing 3rd base
Carlos Maldonado to second
1-0: Called Strike
1-1: Foul Ball, location: 2F
1-2: Foul Ball, location: 2F
1-2: Foul Ball, location: 2F
1-2: Hit by Pitch
Batting: RHB Rafael Delgado 0-0: Ball
1-0: Ball
2-0: Called Strike
2-1: Swinging Strike
2-2: Foul Ball, location: 2F
2-2: Strikes out swinging
Bottom of the 3rd over - 0 run(s), 1 hit(s), 0 error(s), 2 left on base; Phoenix Hotspur 4 - Irving 2
TOP OF THE 4TH
Phoenix Hotspur Youth batting - Pitching for Irving Blue Sox : RHP Paco Hernández
Batting: RHB John Boatner 0-0: Ball
1-0: Called Strike
1-1: Ball
2-1: Foul Ball, location: 2F
2-2: Ground out 4-3 (Groundball, 4M)
Batting: RHB Wilson Castillo 0-0: DOUBLE (Line Drive, 8LM)
Batting: RHB Alex Niemann 0-0: Ball
1-0: Ball
2-0: Ball
3-0: Called Strike
3-1: Base on Balls
Batting: RHB Keith Burnett 0-0: Called Strike
0-1: Ball
1-1: Swinging Strike
1-2: Fielders Choice at 2nd, 5-4 (Groundball, 5)
Wilson Castillo to third
Batting: RHB Javier González 0-0: Fly out, F7 (Flyball, 78D)
Top of the 4th over - 0 run(s), 1 hit(s), 0 error(s), 2 left on base; Phoenix Hotspur 4 - Irving 2
BOTTOM OF THE 4TH
Irving Blue Sox batting - Pitching for Phoenix Hotspur Youth : RHP Santiago Alonza
Batting: RHB Gilberto Díaz 0-0: DOUBLE (Flyball, 8LXD)
Batting: LHB Carlos Garza 0-0: Foul Ball, location: 2F
0-1: Ball
1-1: DOUBLE (Line Drive, 7LM)
Gilberto Díaz scores
Batting: RHB Jarred Morgan 0-0: Ball
1-0: Ball
2-0: Called Strike
2-1: Ground out 4-3 (Groundball, 4)
Carlos Garza to third
Batting: SHB Ricardo Franco 0-0: Foul Ball, location: 2F
0-1: Ball
1-1: Foul Ball, location: 2F
1-2: Foul Ball, location: 2F
1-2: Ball
2-2: Ball
3-2: Foul Ball, location: 2F
3-2: Fly out, F2 (Popup, 2LF)
Batting: LHB Esteban Casillas 0-0: Foul Ball, location: 2F
0-1: Ball
1-1: Ball
2-1: Ground out 4-3 (Groundball, 34)
Bottom of the 4th over - 1 run(s), 2 hit(s), 0 error(s), 1 left on base; Phoenix Hotspur 4 - Irving 3
TOP OF THE 5TH
Phoenix Hotspur Youth batting - Pitching for Irving Blue Sox : RHP Paco Hernández
Batting: RHB Ed Sharp 0-0: Swinging Strike
0-1: Called Strike
0-2: Ball
1-2: Strikes out swinging
Batting: RHB Shohei Kiyomizu 0-0: Ball
1-0: Fly out, F8 (Line Drive, 8LS)
Batting: RHB Dan Perkins 0-0: Called Strike
0-1: Foul Ball, location: 2F
0-2: Strikes out swinging
Top of the 5th over - 0 run(s), 0 hit(s), 0 error(s), 0 left on base; Phoenix Hotspur 4 - Irving 3
BOTTOM OF THE 5TH
Irving Blue Sox batting - Pitching for Phoenix Hotspur Youth : RHP Santiago Alonza
Batting: RHB Arturo Mateo 0-0: Called Strike
0-1: Called Strike
0-2: Ball
1-2: Foul Ball, location: 2F
1-2: Ground out 5-3 (Groundball, 56)
Batting: RHB Carlos Maldonado 0-0: Ball
1-0: Ball
2-0: Ball
3-0: Called Strike
3-1: Base on Balls
Batting: SHB Arnold Cramer 0-0: Ball
1-0: Foul Ball, location: 2F
1-1: Called Strike
Carlos Maldonado steals 2nd base
1-2: Ball
2-2: Strikes out swinging
Batting: RHB Rafael Delgado 0-0: Called Strike
0-1: Called Strike
0-2: Ground out 5-3 (Groundball, 5L)
Bottom of the 5th over - 0 run(s), 0 hit(s), 0 error(s), 1 left on base; Phoenix Hotspur 4 - Irving 3
TOP OF THE 6TH
Phoenix Hotspur Youth batting - Pitching for Irving Blue Sox : RHP Paco Hernández
Batting: RHB Larry Bryant 0-0: Foul Ball, location: 2F
0-1: Swinging Strike
0-2: Strikes out looking
Batting: RHB John Boatner 0-0: Ball
1-0: Swinging Strike
1-1: Ground out 6-3 (Groundball, 6M)
Batting: RHB Wilson Castillo 0-0: Called Strike
0-1: Foul Ball, location: 2F
0-2: Strikes out swinging, 2-3 out at first.
Top of the 6th over - 0 run(s), 0 hit(s), 0 error(s), 0 left on base; Phoenix Hotspur 4 - Irving 3
BOTTOM OF THE 6TH
Irving Blue Sox batting - Pitching for Phoenix Hotspur Youth : RHP Santiago Alonza
Batting: RHB Gilberto Díaz 0-0: Called Strike
0-1: Ball
1-1: Called Strike
1-2: SINGLE (Groundball, 5D)
Pitching: RHP John Ball
Batting: LHB Carlos Garza 0-0: Bunted foul
0-1: Bunted foul
0-2: Ball
1-2: Ground out 5-3 (Groundball, 5S)
Gilberto Díaz to second
Batting: RHB Jarred Morgan 0-0: Foul Ball, location: 2F
0-1: Ball
1-1: Called Strike
1-2: Foul Ball, location: 2F
1-2: Ball
2-2: Foul Ball, location: 2F
2-2: Foul Ball, location: 2F
2-2: Foul Ball, location: 2F
2-2: DOUBLE (Line Drive, 7LS)
Gilberto Díaz scores
Batting: SHB Ricardo Franco 0-0: Called Strike
0-1: Swinging Strike
0-2: Ball
1-2: Strikes out swinging
Batting: LHB Esteban Casillas 0-0: Ball
1-0: Called Strike
1-1: SINGLE (Groundball, 6MD)
Jarred Morgan to third
Runner from 3rd tries for Home, SAFE, no throw or cutoff
Batting: RHB Arturo Mateo 0-0: Called Strike
0-1: Ball
1-1: Called Strike
1-2: Foul Ball, location: 2F
1-2: Foul Ball, location: 2F
1-2: Strikes out looking
Bottom of the 6th over - 2 run(s), 3 hit(s), 0 error(s), 1 left on base; Phoenix Hotspur 4 - Irving 5
TOP OF THE 7TH
Phoenix Hotspur Youth batting - Pitching for Irving Blue Sox : RHP Paco Hernández
Batting: RHB Alex Niemann 0-0: Ball
1-0: Ball
2-0: Ball
3-0: Base on Balls
Pitching: RHP Jim Meyer
Batting: RHB Keith Burnett 0-0: Ball
1-0: Ball
2-0: Ball
3-0: Called Strike
3-1: Called Strike
3-2: DOUBLE (Line Drive, 8LD)
Alex Niemann to third
Pinch Hitting: LHB John Cossey 0-0: Ball
1-0: Ball
2-0: SINGLE (Line Drive, 3D)
Alex Niemann scores
Keith Burnett to third
Batting: RHB Ed Sharp 0-0: Ball
1-0: SINGLE (Line Drive, 4M)
Keith Burnett scores
John Cossey to second
Batting: RHB Shohei Kiyomizu 0-0: Ball
1-0: Called Strike
1-1: Fly out, F5 (Line Drive, 5S)
Pinch Hitting: SHB Michel Perrin 0-0: Called Strike
John Cossey steals 3rd base
Ed Sharp to second
0-1: Called Strike
0-2: Ball
1-2: Ball
2-2: Foul Ball, location: 2F
2-2: Fly out, F6 (Line Drive, 6)
Batting: RHB Larry Bryant 0-0: Ball
1-0: Ball
2-0: Ball
3-0: Called Strike
3-1: Base on Balls
Pinch Hitting: RHB Juan Banda 0-0: Ball
1-0: SINGLE (Groundball, 6MD)
John Cossey scores
Ed Sharp to third
Larry Bryant to second
Runner from 3rd tries for Home, SAFE, no throw or cutoff
Pitching: LHP Jesús Tejada
Batting: RHB Wilson Castillo 0-0: Ball
1-0: Ball
2-0: Foul Ball, location: 2F
2-1: Foul Ball, location: 2F
2-2: Strikes out swinging
Top of the 7th over - 4 run(s), 4 hit(s), 0 error(s), 2 left on base; Phoenix Hotspur 8 - Irving 5
BOTTOM OF THE 7TH
Irving Blue Sox batting - Pitching for Phoenix Hotspur Youth : RHP John Ball
Now at 2B: Juan Banda
Now in LF: John Cossey
Now in RF: Michel Perrin
Batting: RHB Carlos Maldonado 0-0: Called Strike
0-1: Foul Ball, location: 2F
0-2: Strikes out swinging
Batting: SHB Arnold Cramer 0-0: Called Strike
0-1: Ball
1-1: Ground out 6-3 (Groundball, 6M)
Batting: RHB Rafael Delgado 0-0: Ball
1-0: Ball
2-0: Fly out, F6 (Popup, 6M)
Bottom of the 7th over - 0 run(s), 0 hit(s), 0 error(s), 0 left on base; Phoenix Hotspur 8 - Irving 5
TOP OF THE 8TH
Phoenix Hotspur Youth batting - Pitching for Irving Blue Sox : LHP Jesús Tejada
Batting: RHB Alex Niemann 0-0: Swinging Strike
0-1: Called Strike
0-2: Ball
1-2: Ball
2-2: Foul Ball, location: 2F
2-2: Fly out, F9 (Flyball, 9M)
Batting: RHB Keith Burnett 0-0: Called Strike
0-1: Foul Ball, location: 2F
0-2: Ball
1-2: Foul Ball, location: 2F
1-2: Ground out 5-3 (Groundball, 5S)
Batting: LHB John Cossey 0-0: Called Strike
0-1: Called Strike
0-2: Ball
1-2: Ball
2-2: Foul Ball, location: 2F
2-2: Strikes out looking
Top of the 8th over - 0 run(s), 0 hit(s), 0 error(s), 0 left on base; Phoenix Hotspur 8 - Irving 5
BOTTOM OF THE 8TH
Irving Blue Sox batting - Pitching for Phoenix Hotspur Youth : RHP John Ball
Batting: RHB Gilberto Díaz 0-0: Ball
1-0: SINGLE (Groundball, 56)
Pitching: RHP Bob Cook
Batting: LHB Carlos Garza 0-0: Ball
1-0: Ball
2-0: Ball
3-0: Called Strike
3-1: Foul Ball, location: 2F
3-2: SINGLE (Line Drive, 6D)
Gilberto Díaz to second
Batting: RHB Jarred Morgan 0-0: Grounds into double play, 1-6-3 (Groundball, 15)
Gilberto Díaz to third
Batting: SHB Ricardo Franco 0-0: Fly out, F8 (Flyball, 8LM)
Bottom of the 8th over - 0 run(s), 2 hit(s), 0 error(s), 1 left on base; Phoenix Hotspur 8 - Irving 5
TOP OF THE 9TH
Phoenix Hotspur Youth batting - Pitching for Irving Blue Sox : LHP Jesús Tejada
Batting: RHB Ed Sharp 0-0: Called Strike
0-1: Ground out 4-3 (Groundball, 34)
Batting: RHB Shohei Kiyomizu 0-0: Foul Ball, location: 2F
0-1: Ball
1-1: Ball
2-1: Fly out, F7 (Line Drive, 7S)
Batting: SHB Michel Perrin 0-0: DOUBLE (Flyball, 89D)
Batting: RHB Larry Bryant 0-0: Swinging Strike
0-1: Swinging Strike
0-2: Ball
1-2: Fly out, F6 (Line Drive, 6)
Top of the 9th over - 0 run(s), 1 hit(s), 0 error(s), 1 left on base; Phoenix Hotspur 8 - Irving 5
BOTTOM OF THE 9TH
Irving Blue Sox batting - Pitching for Phoenix Hotspur Youth : RHP Bob Cook
Pitching: RHP Vernon Turner
Batting: LHB Esteban Casillas 0-0: Swinging Strike
0-1: Ball
1-1: Foul Ball, location: 2F
1-2: Ball
2-2: Ball
3-2: Ground out 3-1 (Groundball, 34)
Batting: RHB Arturo Mateo 0-0: Called Strike
0-1: Foul Ball, location: 2F
0-2: Ground out 6-3 (Groundball, 6)
Batting: RHB Carlos Maldonado 0-0: Ball
1-0: Called Strike
1-1: Ball
2-1: Ground out 1-3 (Groundball, 13S)
Bottom of the 9th over - 0 run(s), 0 hit(s), 0 error(s), 0 left on base; Phoenix Hotspur 8 - Irving 5
This league is powered by Out of the Park Baseball, the baseball management simulation game for PC, Mac and Linux
Friday, July 8th, 2016 - OOTP Baseball 16.9 Build 39